 Dungeon Crawl Stone Soup version 0.23.2-1-ga50397a6bc (webtiles) character file.

Game seed: 7200226960713638288

114 Mrkan the Chopper (level 4, -2/40 HPs)
             Began as a Hill Orc Fighter on May 14, 2019.
             Was an Initiate of Beogh.
             Killed by divine providence
             ... invoked by an orc priest
              (15 damage)
             ... on level 3 of the Dungeon.
             The game lasted 00:04:32 (1627 turns).

Mrkan the Chopper (Hill Orc Fighter)                Turns: 1627, Time: 00:04:34

Health: -2/40      AC:  0    Str: 18    XL:     4   Next: 97%
Magic:  4/4        EV:  9    Int:  8    God:    Beogh [......]
Gold:   101        SH:  9    Dex: 11    Spells: 3/3 levels left

rFire    . . .     SeeInvis .   a - +0 war axe
rCold    . . .     Gourm    .   c - +0 shield
rNeg     . . .     Faith    .   (no armour)
rPois    .         Spirit   .   (no helmet)
rElec    .         Reflect  .   (no cloak)
rCorr    .         Harm     .   (no gloves)
MR       .....                  (no boots)
Stlth    +.........             (no amulet)
HPRegen  0.13/turn              (no ring)
MPRegen  0.09/turn              (no ring)

@: no status effects
A: no striking features
a: Renounce Religion


You were on level 3 of the Dungeon.
You worshipped Beogh.
Beogh was noncommittal.
You were very hungry.

You visited 1 branch of the dungeon, and saw 3 of its levels.

You collected 101 gold pieces.

Inventory:

Hand Weapons
 a - a +0 war axe (weapon)
Armour
 b - a +0 scale mail
 c - a +0 shield (worn)
 j - a +0 chain mail
 p - a +0 pair of gloves
Jewellery
 o - an uncursed amulet of faith {unknown}
Scrolls
 i - 3 scrolls of remove curse {unknown}
 k - a scroll of teleportation {unknown}
 m - 3 scrolls of identify {unknown}
Potions
 d - a potion of might
 e - a potion of magic {unknown}
 g - a potion of heal wounds {unknown}
 h - a potion of berserk rage {unknown}
 l - 2 potions of brilliance {unknown}
 n - a potion of curing {unknown}
Comestibles
 f - 5 rations


   Skills:
 + Level 4.2 Fighting
 * Level 5.9 Axes
 - Level 3.2 Armour
 + Level 0.5 Dodging
 - Level 3.2 Shields


You had 3 spell levels left.
You didn't know any spells.
Your spell library was empty.

Dungeon Overview and Level Annotations

Branches:
Dungeon (3/15)

Altars:
Fedhas
Qazlal
Uskayaw


Message History

The orc shouts!
You hit the orc priest.
The orc priest is lightly wounded.
You are feeling very hungry.
The orc priest hits you with a +0 club.
You closely miss the orc priest.
The orc priest is lightly wounded.
You block the orc priest's attack. The orc priest hits you with a +0 club.
You hit the orc priest.
The orc priest is heavily wounded.
The orc priest hits you with a +0 club.
The orc priest mumbles some strange prayers to Beogh against you.
Beogh smites you!
Your shield prevents you from hitting the orc priest.
The orc priest is heavily wounded.
The orc priest hits you with a +0 club.
The orc priest calls down the wrath of Beogh upon you.
Beogh smites you!
You die...
Beogh appreciates the orc priest's killing of a heretic priest.

#...####.# #.#
#...#..#.#####)#
####._.#..#.......#
#......#((#..††[..#
#......####.......#
#...........#####†#
#......#.#### #†#
#......#.# #.#
#......#@#
#.#######
#.....oo.#
#........
#......###
#########
#######'###
#......†..#
#.........#
+............
#........o##.#
#.........# ..


You could see 2 dancing weapons, an orc priest and an orc.

Vanquished Creatures
  An adder (D:2)
  A worm (D:2)
  6 dart slugs
  5 leopard geckos
  An orc (D:3)
  9 bats
  3 giant cockroaches
  4 goblins
  8 hobgoblins
  10 jackals
  9 kobolds
  3 quokkas (D:2)
  3 ball pythons
  2 frilled lizards (D:2)
  10 rats
75 creatures vanquished.

Vanquished Creatures (others)
  An orc priest (D:3)
  An orc wizard (D:3)
  An orc (D:3)
3 creatures vanquished.

Grand Total: 78 creatures vanquished

Notes
Turn   | Place    | Note
-------+----------+-------------------------------------------
     0 | D:1      | Mrkan the Hill Orc Fighter began the quest for the Orb.
     0 | D:1      | Reached XP level 1. HP: 19/19 MP: 1/1
    45 | D:1      | Reached skill level 3 in Axes
    72 | D:1      | Reached XP level 2. HP: 22/27 MP: 2/2
   307 | D:1      | Reached skill level 4 in Axes
   307 | D:1      | Reached XP level 3. HP: 26/33 MP: 3/3
   823 | D:2      | Reached XP level 4. HP: 37/40 MP: 4/4
   860 | D:2      | Reached skill level 5 in Axes
   917 | D:2      | Found a blossoming altar of Fedhas.
   924 | D:2      | Found a stormy altar of Qazlal.
  1559 | D:3      | Noticed a +0 dagger
  1561 | D:3      | Noticed a +0 dagger
  1580 | D:3      | Found a hide-covered altar of Uskayaw.
  1607 | D:3      | Became a worshipper of Beogh the Brigand
  1627 | D:3      | Killed from afar by an orc priest

Skill      XL: |  1  2  3  4 |
---------------+-------------+-----
Axes           | 3 4 5 |  5.9
Fighting       | 4 |  4.2
Armour         | |  3.2
Dodging        | |  0.5
Shields        | |  3.2

Action                   |  1- 3 |  4- 6 || total
-------------------------+-------+-------++-------
Melee: War axe           |   147 |   118 ||   265
Invok: Convert to Beogh  |       |     1 ||     1
  Eat: Chunk             |       |     2 ||     2
Armor: Scale mail        |    91 |    52 ||   143
Dodge: Dodged            |    48 |    46 ||    94
Block: Shield            |    93 |    67 ||   160
